 Dungeon Crawl Stone Soup version 0.26.0-45-g9c1d065592 (webtiles) character file.

Game seed: 15938416707036358532

14200 sahdkjhfkaj the Fighter (level 11, 0/148 HPs)
             Began as a Red Draconian Hedge Wizard on Jan 27, 2021.
             Was an Elder of Qazlal.
             Succumbed to a cane toad's poison
             ... on level 11 of the Dungeon.
             The game lasted 00:38:01 (20452 turns).

sahdkjhfkaj the Fighter (DrWz)                     Turns: 20452, Time: 00:38:02

Health: 0/148      AC: 25    Str: 19    XL:     11   Next: 85%
Magic:  3/17       EV:  2    Int: 18    God:    Qazlal [****..]
Gold:   760        SH:  5    Dex: 10    Spells: 2/18 levels left

rFire    . . .     SeeInvis .   b - +0 morningstar
rCold    + . .     Faith    .   (no shield)
rNeg     + + +     Spirit   +   (armour unavailable)
rPois    +         Reflect  .   (helmet currently unavailable)
rElec    .         Harm     .   (cloak currently unavailable)
rCorr    .         Rampage  .   (gloves currently unavailable)
Will     .....     NoTele   +   (boots currently unavailable)
Stlth    +.........             y - amulet of guardian spirit
HPRegen  0.34/turn              f - +6 ring of strength
MPRegen  0.15/turn              u - ring of protection from cold

@: lethally poisoned (0 -> -22), tree-form, hasted, repel missiles, very quick
A: (breathe fire), unfitting armour, AC +7
a: Renounce Religion, Upheaval, Elemental Force


You were on level 11 of the Dungeon.
You worshipped Qazlal.
Qazlal was greatly pleased with you.
You were a tree.
You visited 3 branches of the dungeon, and saw 14 of its levels.

You collected 760 gold pieces.

Inventory:

Hand Weapons
 a - a +2 short sword of venom
 b - a +0 morningstar (weapon)
Armour
 i - a +0 hat (melded)
 s - a +1 cloak of preservation (melded)
 z - the +2 pair of gloves "Bafezxay" (melded) {rC+}
   (You found it on level 10 of the Dungeon)

   It protects you from cold.
Jewellery
 c - an uncursed ring of positive energy
 f - a +6 ring of strength (left branch)
 r - an uncursed amulet of the acrobat {unknown}
 u - a ring of protection from cold (right branch)
 y - an amulet of guardian spirit (around neck)
 D - an uncursed amulet of faith {unknown}
Wands
 j - a wand of enslavement (5)
 v - a wand of flame (25)
 A - a wand of random effects (11)
Scrolls
 e - 5 scrolls of enchant armour
 g - 3 scrolls of remove curse
 h - a scroll of immolation {unknown}
 k - a scroll of vulnerability {unknown}
 p - 2 scrolls of amnesia
 t - 3 scrolls of fog
 C - a scroll of teleportation {!r}
 E - a scroll of holy word {unknown}
 F - a scroll of noise {unknown}
Potions
 l - 4 potions of magic
 m - 4 potions of brilliance
 n - 2 potions of berserk rage {unknown}
 o - 5 potions of might
 q - a potion of cancellation {unknown}
 w - a potion of invisibility {unknown}
 x - a potion of resistance {unknown}


   Skills:
 + Level 10.0 Fighting
 - Level 2.1 Short Blades
 - Level 8.0 Maces & Flails
 - Level 1.0 Throwing
 - Level 5.0 Dodging
 - Level 1.7 Stealth
 - Level 9.0 Shields
 - Level 4.0 Spellcasting
 - Level 4.0 Conjurations
 - Level 3.0 Summonings
 - Level 3.0 Translocations
 - Level 3.2 Fire Magic
 - Level 2.1 Air Magic
 - Level 2.0 Poison Magic
 - Level 7.0 Invocations
 - Level 3.0 Evocations


You had 2 spell levels left.
You knew the following spells:

 Your Spells              Type           Power        Failure   Level
a - Magic Dart            Conj           72%          2%          1
b - Call Imp              Summ           14%          6%          2
d - Blink                 Tloc           N/A          6%          2
j - Conjure Flame         Conj/Fire      16%          10%         3
m - Mephitic Cloud        Conj/Pois/Air  13%          14%         3
v - Borgnjor's Vile Clut  Necr/Erth      1%           99%         5

Your spell library contained the following spells:

 Spells                   Type           Power        Failure   Level
 Apportation              Tloc           28%          4%          1
 Summon Small Mammal      Summ           56%          4%          1
 Sting                    Tmut/Pois      28%          10%         1
 Poisonous Vapours        Pois/Air       20%          10%         2
 Corona                   Hex            3%           14%         1
 Ensorcelled Hibernation  Hex/Ice        6%           22%         2
 Slow                     Hex            3%           22%         2
 Call Canine Familiar     Summ           14%          13%         3
 Lesser Beckoning         Tloc           7%           13%         3
 Dazzling Flash           Conj/Hex       20%          19%         3
 Ignite Poison            Fire/Tmut/Pois 9%           22%         3
 Summon Guardian Golem    Hex/Summ       9%           24%         3
 Confusing Touch          Hex            3%           41%         3
 Tukima's Dance           Hex            3%           41%         3
 Summon Lightning Spire   Summ/Air       12%          45%         4
 Olgreb's Toxic Radiance  Pois           10%          54%         4
 Summon Ice Beast         Ice/Summ       9%           61%         4
 Animate Dead             Necr           1%           82%         4
 Cause Fear               Hex            1%           82%         4
 Alistair's Intoxication  Tmut/Pois      4%           95%         5
 Silence                  Hex/Air        3%           95%         5
 Yara's Violent Unravell  Hex/Tmut       1%           99%         5
 Death Channel            Necr           1%           100%        6
 Invisibility             Hex            3%           100%        6
 Simulacrum               Ice/Necr       1%           100%        6
 Discord                  Hex            1%           100%        8


Dungeon Overview and Level Annotations

Branches:
Dungeon (12/15)            Temple (1/1) D:4            Lair (1/6) D:11
    Orc (0/2) D:11

Altars:
Ashenzari
Cheibriados
Dithmenos
Elyvilon
Fedhas
Gozag
Hepliaklqana
Kikubaaqudgha
Makhleb
Nemelex Xobeh
Okawaru
Qazlal
Ru
Sif Muna
Trog
Uskayaw
Vehumet
Wu Jian
Xom
Yredelemnul
Zin
The Shining One

Portals:
Trove: D:11 (give +3 fire dragon scales)


Innate Abilities, Weirdness & Mutations

((You can breathe blasts of fire.))
((Your fiery red scales are hard. (AC +7)))
You cannot fit into any form of body armour.
((Your flesh is heat resistant. (rF+)))
((You are cold-blooded and may be slowed by cold attacks.))


Message History

Unknown command.
Unknown command.
Okay, then.
Okay, then.
You sock the cane toad!
You kill the cane toad!
Qazlal accepts your kill.
* * * LOW HITPOINT WARNING * * *
You feel sick.
Training target 9.0 for Shields reached!
Your Shields skill increases to level 9!
You need to enable at least one skill for training.
You closely miss the bullfrog.
The bullfrog is moderately wounded.
* * * LOW HITPOINT WARNING * * *
You feel sick.
The bullfrog hits you but does no damage.
You hit the bullfrog.
The bullfrog is heavily wounded.
You die...

.##.###.## #)##.#.'.._..#..######
.##.###.# #.#....#.....#..# ###
........# #.#.>..#.....#..###.##
###'##### #.#.##.#######..##)#.#
##...## #.#.##.F..........###.
#.....## #........F#####.##.#.#
.......## ##..#####.# #..##.##
........####...#####.#####...#.##
........'.......♣F..............'
........####...###########...#.##
.......## #.........# ###.##.##
#.....## #.#.#####.# #......#
##...## ####.#.### #.# #.######
##'## #........# #.# #.# #.#
#.##..##.# #.# #.# #.# #.##..##.#
#.# #.#######
##.#####.##..##.###.# #.#......


You could see a bullfrog.

Vanquished Creatures
  Snorg (D:10)
  A hydra (D:10)
  2 two-headed ogres
  An unseen horror (D:11)
  A cyclops (D:11)
  A black mamba (D:11)
  An ice statue (D:9)
  A cane toad (D:11)
  A kobold demonologist (D:10)
  A komodo dragon (D:11)
  A troll (D:11)
  A hornet (D:10)
  A vampire (D:9)
  11 yaks
  A wyvern (D:9)
  6 wraiths
  Grum (D:8)
  A steam dragon (D:10)
  A swamp worm (D:10)
  2 acid dragons
  3 orc warriors
  3 sky beasts
  3 ice beasts
  A black bear (D:8)
  3 phantoms
  6 centaurs
  3 ogres
  3 wolves (D:8)
  2 big kobolds
  6 bullfrogs
  A gnoll sergeant (D:10)
  A wyvern skeleton (D:11)
  3 scorpions
  12 wights
  4 killer bees
  5 howler monkeys
  2 bullfrog zombies
  2 quasits
  2 jellies
  4 orc priests
  A bullfrog skeleton (D:7)
  2 gnoll shamans
  3 hounds
  A centaur skeleton (D:4)
  Ijyb (D:4)
  2 iguanas
  Crazy Yiuf (D:4)
  8 worker ants
  15 orc wizards
  4 hound skeletons
  A worker ant zombie (D:8)
  A howler monkey zombie (D:7)
  2 howler monkey skeletons
  13 adders
  15 gnolls
  A shadow imp (D:8)
  4 white imps
  3 ufetubi
  An ooze (D:5)
  3 worms
  2 dart slugs (D:4)
  4 leopard geckos
  30 orcs
  2 giant cockroaches (D:1)
  6 goblins
  8 hobgoblins
  19 jackals
  14 kobolds
  5 quokkas
  A ball python (D:1)
  7 bats
  8 frilled lizards
  A giant cockroach zombie (D:5)
  2 jackal skeletons
  A leopard gecko zombie (D:8)
  A quokka skeleton (D:5)
  4 rats
303 creatures vanquished.

Vanquished Creatures (collateral kills)
  2 hobgoblins (D:1)
  A frilled lizard (D:1)
3 creatures vanquished.

Vanquished Creatures (others)
  8 plants
8 creatures vanquished.

Grand Total: 314 creatures vanquished

Notes
Turn   | Place    | Note
-------+----------+-------------------------------------------
     0 | D:1      | sahdkjhfkaj the Draconian Hedge Wizard began the quest for
                  | the Orb.
     0 | D:1      | Reached XP level 1. HP: 14/14 MP: 4/4
   322 | D:1      | Reached XP level 2. HP: 20/20 MP: 3/6
   325 | D:1      | Learned a level 2 spell: Call Imp
   328 | D:1      | Learned a level 2 spell: Blink
   933 | D:1      | You fall into a shaft and drop 1 floor!
   940 | D:2      | Reached XP level 3. HP: 12/26 MP: 1/7
  1406 | D:2      | Found a glowing golden altar of the Shining One.
  2330 | D:2      | Found an ancient bone altar of Kikubaaqudgha.
  2330 | D:2      | Found an iron altar of Okawaru.
  2442 | D:2      | Reached XP level 4. HP: 33/33 MP: 2/8
  2504 | D:2      | Learned a level 3 spell: Conjure Flame
  3023 | D:2      | Reached skill level 1 in Fighting
  3282 | D:3      | Found a sacrificial altar of Ru.
  3667 | D:2      | Reached skill level 1 in Fire Magic
  3667 | D:2      | Reached skill level 2 in Fighting
  3667 | D:2      | Reached XP level 5. HP: 14/41 MP: 0/9
  4290 | D:3      | Found a faded altar of an unknown god.
  5054 | D:4      | Found a staircase to the Ecumenical Temple.
  5066 | Temple   | Entered the Ecumenical Temple
  5179 | D:4      | Reached skill level 1 in Evocations
  5372 | D:4      | Reached skill level 3 in Fighting
  5372 | D:4      | Reached skill level 1 in Short Blades
  5574 | D:4      | Found a broken altar of Ashenzari.
  5622 | D:4      | Reached XP level 6. HP: 29/51 MP: 0/10
  5626 | D:4      | Learned a level 3 spell: Mephitic Cloud
  6024 | D:4      | Reached skill level 1 in Air Magic
  6088 | D:4      | Reached skill level 1 in Poison Magic
  6285 | D:4      | Noticed Ijyb
  6404 | D:4      | Killed Ijyb
  6488 | D:4      | Found a runed translucent door.
  6489 | D:4      | Noticed Crazy Yiuf
  6744 | D:4      | Killed Crazy Yiuf
  6877 | D:5      | Entered Level 5 of the Dungeon
  7040 | D:5      | Noticed a sky beast
  7093 | D:4      | Killed a sky beast
  7094 | D:4      | Reached skill level 4 in Fighting
  7094 | D:4      | Your scales start taking on a fiery red colour.
  7094 | D:4      | Reached XP level 7. HP: 49/59 MP: 11/11
  7094 | D:4      | Gained mutation: Your flesh is heat resistant. (rF+) [Red
                  | Draconian growth]
  8149 | D:5      | Reached skill level 1 in Throwing
  8298 | D:5      | Reached skill level 5 in Fighting
  8298 | D:5      | Reached XP level 8. HP: 60/68 MP: 14/14
  8417 | D:5      | Found a stormy altar of Qazlal.
  8609 | D:5      | Became a worshipper of Qazlal Stormbringer
  8856 | D:6      | Reached skill level 6 in Fighting
  9503 | D:6      | Reached skill level 7 in Fighting
  9734 | D:6      | Reached skill level 8 in Fighting
 10579 | D:7      | Reached XP level 9. HP: 73/82 MP: 15/15
 10683 | D:7      | Reached skill level 9 in Fighting
 10696 | D:7      | Reached * piety under Qazlal
 11627 | D:8      | Reached skill level 10 in Fighting
 12595 | D:8      | Noticed Grum
 13036 | D:8      | Reached ** piety under Qazlal
 13151 | D:8      | Reached skill level 5 in Dodging
 13196 | D:8      | Killed Grum
 13347 | D:9      | Noticed an ice statue
 13763 | D:9      | Killed an ice statue
 13764 | D:9      | Reached skill level 5 in Invocations
 14070 | D:9      | Reached XP level 10. HP: 78/93 MP: 16/16
 15056 | D:9      | Reached skill level 1 in Maces & Flails
 15845 | D:10     | Entered Level 10 of the Dungeon
 15901 | D:10     | Got a pair of spiked gloves
 15918 | D:10     | Reached *** piety under Qazlal
 15982 | D:10     | Noticed Josephine
 15983 | D:10     | Noticed Josephine
 15983 | D:10     | Josephine changed into Josephine the swamp worm
 15990 | D:10     | Noticed Snorg
 15993 | D:10     | Killed Josephine the swamp worm
 16018 | D:10     | Reached skill level 5 in Maces & Flails
 16511 | D:9      | Identified the +2 pair of gloves "Bafezxay" {rC+} (You
                  | found it on level 10 of the Dungeon)
 17312 | D:10     | Reached XP level 11. HP: 89/99 MP: 15/17
 17629 | D:10     | Killed Snorg
 18255 | D:10     | Learned a level 5 spell: Borgnjor's Vile Clutch
 18412 | D:11     | Killed an unseen horror
 18615 | D:11     | Noticed a two-headed ogre
 18632 | D:10     | Killed a two-headed ogre
 18633 | D:10     | Reached skill level 5 in Shields
 18678 | D:11     | Noticed an eight-headed hydra
 18689 | D:10     | Killed an eight-headed hydra
 19097 | D:11     | Reached **** piety under Qazlal
 19281 | D:11     | Found a staircase to the Orcish Mines.
 19418 | D:11     | Noticed a two-headed ogre
 19434 | D:11     | Killed a two-headed ogre
 19722 | D:11     | Found an ancient bone altar of Kikubaaqudgha.
 19722 | D:11     | Found a staircase to the Lair.
 19804 | D:11     | Found a portal to a secret trove of treasure.
 20329 | Lair:1   | Entered Level 1 of the Lair of Beasts
 20449 | D:11     | HP: 4/148 [cane toad (8)]
 20451 | D:11     | HP: 1/148 [poisoned by a cane toad]
 20452 | D:11     | Succumbed to a cane toad's poison

Illustrated notes

Levels and vault maps discovered:
D:1:      heliophobic_arrival_battle_scene, layout_basic,
          minmay_misc_feat_secret_circle
D:2:      layout_basic, tso_oasis_becter, gammafunk_temple_overflow_wave
D:3:      layout_basic, nicolae_ru_awakened_eye,
          chequers_ecumenical_altar_simple_redux,
          chequers_serial_rivers_large_a, lexackson_kobold_supper
D:4:      layout_loops_ring, evilmike_ruin_ashenzari,
          minmay_temple_entry_overgrown, minmay_a_box_with_orc_wizards_in_it,
          uniq_crazy_yiuf_cottage, uniq_ijyb
D:5:      layout_basic, lemuel_crystal_altar
D:6:      layout_gridville
D:7:      layout_cave_pools
D:8:      layout_basic, minivault_19, uniq_grum
D:9:      layout_basic, minmay_holes, minivault_16
D:10:     layout_cave_pools, uniq_snorg, uniq_josephine
D:11:     layout_loops_corners, lair_entry_dummy, trove_entry_hex_spiral,
          amcnicky_altar_gilded
D:12:     layout_basic, serial_bayou_ford_a, drop_trap
Temple:   lightli_temple_of_artemis
Lair:1:   layout_loops_ring, beast_lair_carwin_10

Skill      XL: |  1  2  3  4  5  6  7  8  9 10 11 |
---------------+----------------------------------+-----
Conjurations   | 2 3 4 |  4.0
Summonings     | 2 3 |  3.0
Fighting       | 2 3 4 5 8 10 | 10.0
Fire Magic     | 1 2 3 |  3.2
Evocations     | 1 3 |  3.0
Short Blades   | 1 2 |  2.1
Air Magic      | 1 2 |  2.1
Poison Magic   | 1 2 |  2.0
Spellcasting   | 4 |  4.0
Throwing       | 1 |  1.0
Dodging        | 2 5 |  5.0
Invocations    | 5 7 |  7.0
Translocations | 3 |  3.0
Maces & Flails | 7 8 |  8.0
Shields        | 9 |  9.0
Stealth        | |  1.7

Action                   |  1- 3 |  4- 6 |  7- 9 | 10-12 || total
-------------------------+-------+-------+-------+-------++-------
Melee: Dagger            |    23 |    12 |       |       ||    35
       Tailslap          |     5 |     5 |    35 |    50 ||    95
       Short sword       |       |    59 |   336 |   178 ||   573
       Unarmed           |       |    10 |       |     4 ||    14
       Morningstar       |       |       |       |   144 ||   144
 Cast: Magic Dart        |    98 |   179 |     2 |       ||   279
       Call Imp          |     2 |     2 |       |       ||     4
       Conjure Flame     |       |     2 |       |     1 ||     3
       Mephitic Cloud    |       |     1 |       |       ||     1
 Abil: Breathe Fire      |       |       |    68 |    59 ||   127
Evoke: Wand              |       |       |     1 |    14 ||    15
  Use: Scroll            |       |     5 |    11 |     7 ||    23
       Potion            |       |       |     3 |     6 ||     9
 Stab: Sleeping          |     1 |       |       |       ||     1
       Confused          |       |     1 |       |       ||     1
Armor: Skin              |     9 |    43 |   165 |   148 ||   365
Dodge: Dodged            |    29 |    94 |   336 |   323 ||   782
Block: Other             |       |       |    11 |    86 ||    97
